AoeStats
← AriseFairTurtle

Black Forest

510228311Analyzed
3v3 RM · 3d ago on Sep 30, 2026· 57m 27s· 6 players
Game mode
Random Map
Map size
Normal (6 player)
Population
200
Speed
Normal
Resources
Standard
Victory
Conquest
Starting age
Dark Age
Ending age
Imperial Age
RankedLock teamsTeams togetherTeam positionsShared explorationLock speedFull tech treeHidden civsTurbo modeCheats
Victory
Defeat
🇺🇸 Turks · United States
830
+12
🇪🇨 Spanish · Ecuador
768
+15
🇨🇴 Portuguese · Colombia
758
+15
🇺🇸 Turks · United States
787
-19
🇺🇸 Ethiopians · United States
741
-35
🇺🇸 Celts · United States
697
-29
Guazamayete
1:11 Loom
12:45 Feudal Age
14:05 Double-Bit Axe
18:50 Castle Age
22:25 Fishing Lines
24:57 Bow Saw
25:42 Horse Collar
26:15 Forging
27:36 Caravan
27:23 Fishing Lines
28:31 Pikeman
29:12 Squires
32:19 Imperial Age
30:28 Wheelbarrow
31:12 Ballistics
31:12 Gold Mining
31:14 Stone Mining
32:13 Hand Cart
32:16 Heavy Plow
32:10 Gillnets
32:23 Fletching
33:08 Iron Casting
32:39 Scale Barding Armor
32:36 Padded Archer Armor
32:33 Elite Conquistador
33:50 Hoardings
33:17 Bodkin Arrow
36:46 Chemistry
35:42 Murder Holes
36:14 Conscription
36:05 Husbandry
35:26 Cavalier
36:23 Bracer
37:24 Blast Furnace
36:41 Leather Archer Armor
35:56 Light Cavalry
36:47 Bloodlines
37:46 Town Watch
39:32 Town Patrol
39:56 Chain Barding Armor
39:36 Scale Mail Armor
40:07 Ring Archer Armor
39:51 Fortified Wall
39:52 Masonry
39:28 Paladin
41:30 Thumb Ring
42:55 Hussar
48:24 Bombard Tower
L3GAL
3:56 Loom
14:58 Feudal Age
15:44 Double-Bit Axe
15:44 Horse Collar
17:57 Fishing Lines
23:15 Gold Mining
25:52 Castle Age
26:13 Stone Mining
26:53 Gillnets
28:01 Bow Saw
29:28 Fervor
29:40 Sanctity
29:59 Heavy Plow
31:35 Wheelbarrow
31:16 Caravan
32:53 Coinage
33:04 Stone Shaft Mining
32:56 Ballistics
33:05 Hand Cart
33:12 Town Watch
37:57 Imperial Age
35:08 Pikeman
35:34 Arson
35:58 Thumb Ring
36:40 Herbal Medicine
37:17 Murder Holes
37:04 Treadmill Crane
37:28 Circumnavigation
36:52 Elite Skirmisher
38:27 Forging
38:18 Scale Mail Armor
38:09 Fletching
38:20 Padded Archer Armor
39:52 Chemistry
40:23 Two-Man Saw
40:00 Crop Rotation
39:44 Guilds
40:11 Conscription
39:22 Sappers
42:03 Town Patrol
42:07 Arquebus
42:24 Halberdier
43:41 Bodkin Arrow
44:01 Leather Archer Armor
44:26 Iron Casting
45:07 Bracer
45:39 Ring Archer Armor
45:26 Chain Mail Armor
50:13 Elite Organ Gun
henry j.waternoose
0:46 Loom
18:39 Feudal Age
23:31 Castle Age
22:07 Wheelbarrow
22:58 Double-Bit Axe
26:21 Bloodlines
27:55 Scale Barding Armor
28:06 Town Watch
39:24 Imperial Age
37:20 Stone Mining
37:20 Gold Mining
37:30 Gold Mining
39:39 Hand Cart
39:49 Horse Collar
39:49 Cavalier
40:29 Husbandry
41:46 Cavalier
42:27 Husbandry
42:36 Husbandry
41:57 Cavalier
43:58 Artillery
44:42 Bow Saw
45:32 Forging
46:07 Chain Barding Armor
46:17 Conscription
46:58 Gold Shaft Mining
47:07 Elite Janissary
48:12 Caravan
49:26 Heavy Plow
52:05 Town Patrol
53:39 Squires
PedroTheGreat46
4:05 Loom
13:12 Feudal Age
13:38 Double-Bit Axe
14:52 Horse Collar
19:15 Castle Age
19:38 Gold Mining
20:13 Scale Barding Armor
21:21 Bow Saw
22:29 Forging
22:14 Stone Mining
27:50 Gold Shaft Mining
32:59 Wheelbarrow
33:16 Chain Barding Armor
33:32 Iron Casting
33:52 Town Watch
34:45 Hand Cart
37:13 Husbandry
37:24 Bloodlines
37:21 Squires
41:16 Imperial Age
38:54 Town Patrol
39:31 Caravan
39:42 Caravan
41:14 Fletching
41:09 Fishing Lines
42:56 Conscription
43:31 Plate Barding Armor
44:02 Two-Man Saw
43:03 Heavy Plow
43:08 Elite Janissary
44:28 Artillery
54:59 Hoardings
AriseFairTurtle
15:34 Feudal Age
15:55 Loom
17:10 Wheelbarrow
17:38 Double-Bit Axe
18:22 Horse Collar
24:50 Castle Age
24:51 Padded Archer Armor
24:42 Fletching
24:58 Scale Barding Armor
25:55 Hand Cart
25:53 Heavy Plow
26:41 Thumb Ring
27:00 Bow Saw
27:32 Gold Mining
28:22 Crossbowman
30:32 Leather Archer Armor
31:08 Husbandry
33:54 Elite Skirmisher
35:01 Chain Barding Armor
35:21 Coinage
39:59 Caravan
44:19 Imperial Age
46:06 Heavy Cavalry Archer
49:57 Arbalester
thernh
3:30 Loom
12:01 Feudal Age
14:07 Horse Collar
18:39 Castle Age
17:14 Gold Mining
17:19 Double-Bit Axe
19:51 Bow Saw
19:40 Stone Mining
22:26 Wheelbarrow
21:37 Town Watch
22:38 Heavy Plow
22:44 Scale Mail Armor
25:07 Stone Shaft Mining
25:19 Pikeman
32:33 Imperial Age
32:44 Ballistics
32:56 Hand Cart
32:39 Capped Ram
34:50 Halberdier
34:57 Onager
37:38 Siege Ram
39:43 Siege Engineers
39:49 Caravan
41:48 Siege Onager
47:59 Chain Mail Armor
47:54 Forging
50:05 Plate Mail Armor
50:11 Iron Casting
56:36 Blast Furnace
Connection lost

Rejoining the realm…

Still unreachable

The connection could not be restored.

Session expired

The server has moved on; the page needs a fresh start.